 Dungeon Crawl Stone Soup version 0.28-a0-529-g3bad584f25 (webtiles) character file.

Game seed: 9546854836685096054

49 varam the Ruffian (level 3, 32/32 HPs)
             Began as a Troll Transmuter on Sept 23, 2021.
             Quit the game on level 2 of the Dungeon on Sept 24, 2021.
             The game lasted 00:06:04 (641 turns).

varam the Ruffian (Troll Transmuter)                 Turns: 641, Time: 00:06:05

Health: 32/32      AC:  4    Str: 18    XL:     3   Next: 53%
Magic:  4/4        EV:  9    Int: 10    God:
Gold:   37         SH:  0    Dex: 10    Spells: 4/5 levels left

rFire   . . .      SeeInvis .     - Unarmed
rCold   . . .      Faith    .   (no shield)
rNeg    . . .      Spirit   .   a - +0 robe
rPois   .          Reflect  .   (helmet restricted)
rElec   .          Harm     .   (no cloak)
rCorr   .          Rampage  .   (gloves unavailable)
Will    .....                   (boots unavailable)
Stlth   +.........              (no amulet)
HPRegen 1.10/turn               (no ring)
MPRegen 0.09/turn               (no ring)

@: no status effects
A: large, unfitting armour, claws 3, regeneration 1, shaggy fur 1, tough skin 1
a: no special abilities


You were on level 2 of the Dungeon.
You visited 1 branch of the dungeon, and saw 2 of its levels.

You collected 37 gold pieces.

Inventory:

Armour
 a - a +0 robe (worn)
Scrolls
 c - 2 scrolls of magic mapping {unknown}
 d - 2 scrolls of teleportation {unknown}
 f - a scroll of enchant weapon {unknown}
Potions
 b - a potion of haste {unknown}
 e - 2 potions of lignification {unknown}


   Skills:
 - Level 0.7 Fighting
 - Level 1.5 Dodging
 + Level 3.6 Unarmed Combat
 + Level 1.7 Spellcasting
 + Level 2.0 Transmutations


You had 4 spell levels left.
You knew the following spells:

 Your Spells              Type           Power      Damage    Failure   Level
a - Beastly Appendage     Tmut           10%        N/A       14%         1

Your spell library contained the following spells:

 Spells                   Type           Power      Damage    Failure   Level
 Wereblood                Tmut           5%         N/A       21%         2
 Sandblast                Erth           0%         2d4       32%         1
 Passwall                 Tmut/Erth      1%         N/A       32%         2
 Spider Form              Tmut/Pois      1%         N/A       54%         3
 Stone Arrow              Conj/Erth      0%         3d7       67%         3
 Ice Form                 Ice/Tmut       2%         N/A       91%         4


Dungeon Overview and Level Annotations

Branches:
Dungeon (2/15)

Altars:

Shops:
D:2 [


Innate Abilities, Weirdness & Mutations

You are too large for most types of armour.
You have claws for hands.
Your natural rate of healing is unusually fast.
You are covered in fur. (AC +1)
You have tough skin. (AC +1)


Message History

You barely miss the adder. The adder bites you.
You are poisoned.
The adder poisons you!
You barely miss the adder.
You feel sick. The adder bites you.
You are more poisoned.
The adder poisons you!
You claw the adder!
The adder is severely wounded.
You feel sick. The adder bites you.
You scratch the adder.
You kill the adder!
You feel sick.
You claw the endoplasm!
You kill the endoplasm!
You feel sick.
You feel sick.
You see here an adder corpse.
You feel sick.
You feel sick.
You feel sick.
You feel sick.
You are no longer poisoned.
HP restored.
A kobold comes into view. It is wielding a +0 short sword.
The kobold shouts!
The kobold moves out of view.
A kobold is nearby!
A kobold is nearby!
The kobold throws a stone.
The stone hits you. The kobold hits you but does no damage.
You barely miss the kobold. The kobold barely misses you.
You completely miss the kobold. You claw the kobold.
You kill the kobold!
Things that are here:
a +0 short sword; a stone; a kobold corpse
Found Ceikhamn's Antique Armour Shoppe.
There is an entrance to Ceikhamn's Antique Armour Shoppe here.
Welcome back, varam the Troll Transmuter.
Press ? for a list of commands and other information.
Are you sure you want to abandon this character and quit the game? (Confirm with "yes".)

..###.#.##
.....)...###
......##...#
#....###...#
##..###....#
#####...### . #....#
...
#....##########.....
##..........@.......
##..####.....#.....
##.# #.....# ... #.#
#.....# # ..#
#.....# ### #.....#
#....... #.....##


There were no monsters in sight!

Vanquished Creatures
  2 adders (D:2)
  6 endoplasms
  A giant cockroach (D:2)
  2 hobgoblins (D:1)
  4 jackals (D:1)
  3 kobolds
  2 quokkas (D:2)
  4 bats (D:1)
  2 frilled lizards
  A rat (D:2)
27 creatures vanquished.

Notes
Turn   | Place    | Note
-------+----------+-------------------------------------------
     0 | D:1      | varam the Troll Transmuter began the quest for the Orb.
     0 | D:1      | Reached XP level 1. HP: 18/18 MP: 1/1
   167 | D:1      | Reached XP level 2. HP: 23/26 MP: 3/3
   550 | D:2      | Reached XP level 3. HP: 30/32 MP: 4/4
   633 | D:2      | Found Ceikhamn's Antique Armour Shoppe.
   641 | D:2      | Upgraded the game from 0.28-a0-519-gbfeecf2fc5 to
                  | 0.28-a0-529-g3bad584f25
   641 | D:2      | Quit the game

Illustrated notes

Levels and vault maps discovered:
D:1:      tarquinn_simple_flora_water_a, layout_rooms
D:2:      layout_basic, serial_shops, shop, grunt_ministairs_2, minivault_19

Skill      XL: |  1  2 |
---------------+-------+-----
Transmutations | 2 |  2.0
Fighting       | |  0.7
Dodging        | |  1.5
Unarmed Combat | |  3.6
Spellcasting   | |  1.7

Action                   || total
-------------------------++-------
Melee: Unarmed           ||    51
       Kick              ||     3
       Headbutt          ||     1
       Punch             ||     1
 Cast: Beastly Appendage ||     2
Armor: Robe              ||    21
Dodge: Dodged            ||    33

Table legend: (Time is in decaauts)
 A = Elapsed time spent in this place.
 B = Non-inter-level travel time spent in this place.
 C = Inter-level travel time spent in this place.
 D = Time resting spent in this place.
 E = Time spent auto-exploring this place.
 F = Levels seen in this place.
 G = Mean time per level.
                   A        B        C        D        E       F      G
               +--------+--------+--------+--------+--------+-----+--------+
         Total |    637 |    621 |     16 |      0 |    418 |   2 |  318.5 |
       Dungeon |    637 |    621 |     16 |      0 |    418 |   2 |  318.5 |
               +--------+--------+--------+--------+--------+-----+--------+

Top non-repeatable levels by time:
     D:1: 502 daAuts
     D:2: 134 daAuts
